APP
DANVILLE BRAVES @ SAN DIEGO (RK+) PADRES
08/30/2099
 
TOP OF THE 1ST
Danville Braves batting - Pitching for San Diego (Rk+) Padres : LHP Jorge Zabala
Pitching: LHP Jorge Zabala
Batting: RHB Alan Combs 0-0: Called Strike
0-1: Ball
1-1: Foul Ball, location: 9LDF
1-2: DOUBLE (Line Drive, 89D, EV 110.6 MPH)
Batting: RHB Victor Tamez 0-0: Swinging Strike
0-1: Ball
1-1: Swinging Strike
1-2: Strikes out looking
Batting: RHB Omar Medina 0-0: DOUBLE (Flyball, 89D, EV 105.6 MPH)
Alan Combs scores
Batting: SHB Vincent Santos 0-0: Ball
1-0: Ball
Wild Pitch!
Omar Medina to third
2-0: Fly out, F8 (Line Drive, 89D, EV 108.8 MPH)
Runner from 3rd tags up, SCORES, no throw by CF
Batting: RHB Cruz Rubio 0-0: Ball
1-0: Called Strike
1-1: Ball
2-1: Foul Ball, location: 9LSFF
2-2: Ball
3-2: Base on Balls
Batting: RHB Brian Karwan 0-0: Called Strike
0-1: Called Strike
0-2: Strikes out looking
Top of the 1st over - 2 runs, 2 hits, 0 errors, 1 left on base; Danville 2 - San Diego (Rk+) 0
BOTTOM OF THE 1ST
San Diego (Rk+) Padres batting - Pitching for Danville Braves : LHP Diego Gracian
Pitching: LHP Diego Gracian
Batting: RHB Tony Calvillo 0-0: Ball
1-0: Ball
2-0: Foul Ball, location: 2F
2-1: Foul Ball, location: 2F
2-2: Ground out 5-3 (Groundball, 5S, EV 83.8 MPH)
Batting: LHB Ryan Robertson 0-0: Called Strike
0-1: Fly out, F9 (Flyball, 89M, EV 91.9 MPH)
Batting: SHB Gil Berrios 0-0: Fly out, F4 (Popup, 34S, EV 79.4 MPH)
Bottom of the 1st over - 0 runs, 0 hits, 0 errors, 0 left on base; Danville 2 - San Diego (Rk+) 0
TOP OF THE 2ND
Danville Braves batting - Pitching for San Diego (Rk+) Padres : LHP Jorge Zabala
Batting: RHB Chris Bjork 0-0: Ground out 4-3 (Groundball, 34, EV 80.6 MPH)
Batting: RHB Jamie Carney 0-0: Ball
1-0: Foul Ball, location: 2F
1-1: Foul Ball, location: 3SF
1-2: Strikes out swinging
Batting: RHB Armando Hernandez 0-0: Called Strike
0-1: Swinging Strike
0-2: Ball
1-2: Strikes out looking
Top of the 2nd over - 0 runs, 0 hits, 0 errors, 0 left on base; Danville 2 - San Diego (Rk+) 0
BOTTOM OF THE 2ND
San Diego (Rk+) Padres batting - Pitching for Danville Braves : LHP Diego Gracian
Batting: RHB Travis Garrison 0-0: Ball
1-0: Ball
2-0: Fly out, F8 (Flyball, 8RD, EV 102.5 MPH)
Batting: LHB Matt Guevara 0-0: Called Strike
0-1: Swinging Strike
0-2: Ball
1-2: SINGLE (Flyball, 89S, EV 95.0 MPH)
Batting: LHB Hector Lopez 0-0: Called Strike
0-1: Ball
1-1: Called Strike
1-2: Strikes out swinging
Pitching: RHP J.R. Hinton
Batting: RHB Nick Ramos 0-0: Swinging Strike
0-1: Ball
1-1: Called Strike
1-2: Ball
2-2: Foul Ball, location: 9LSF
2-2: Fly out, F7 (Flyball, 7D, EV 97.5 MPH)
Bottom of the 2nd over - 0 runs, 1 hit, 0 errors, 1 left on base; Danville 2 - San Diego (Rk+) 0
TOP OF THE 3RD
Danville Braves batting - Pitching for San Diego (Rk+) Padres : LHP Jorge Zabala
Batting: RHB Alan Combs 0-0: Ball
1-0: Foul Ball, location: 9LDF
1-1: Fly out, F4 (Line Drive, 4, EV 68.1 MPH)
Batting: RHB Victor Tamez 0-0: Fly out, F8 (Flyball, 78D, EV 107.5 MPH)
Batting: RHB Omar Medina 0-0: Swinging Strike
0-1: Ground out 5-3 (Groundball, 5, EV 95.6 MPH)
Top of the 3rd over - 0 runs, 0 hits, 0 errors, 0 left on base; Danville 2 - San Diego (Rk+) 0
BOTTOM OF THE 3RD
San Diego (Rk+) Padres batting - Pitching for Danville Braves : RHP J.R. Hinton
Batting: RHB Lapaela Naniahiahi 0-0: Called Strike
0-1: Ball
1-1: Ball
2-1: Called Strike
2-2: Foul Ball, location: 3F
2-2: Ball
3-2: Ground out 6-3 (Groundball, 6, EV 85.0 MPH)
Batting: RHB Jim Unknown 0-0: Called Strike
0-1: Fly out, F8 (Line Drive, 8LD, EV 108.1 MPH)
Batting: RHB Tony Calvillo 0-0: Called Strike
0-1: Ball
1-1: Ground out 6-3 (Groundball, 6, EV 83.8 MPH)
Bottom of the 3rd over - 0 runs, 0 hits, 0 errors, 0 left on base; Danville 2 - San Diego (Rk+) 0
TOP OF THE 4TH
Danville Braves batting - Pitching for San Diego (Rk+) Padres : LHP Jorge Zabala
Batting: SHB Vincent Santos 0-0: Called Strike
0-1: Ball
1-1: Ball
2-1: Ground out 3-1 (Groundball, 34, EV 100.0 MPH)
Batting: RHB Cruz Rubio 0-0: Fly out, F2 (Popup, 23F, EV 86.9 MPH)
Batting: RHB Brian Karwan 0-0: Ball
1-0: Swinging Strike
1-1: Swinging Strike
1-2: Ball
2-2: Strikes out swinging
Top of the 4th over - 0 runs, 0 hits, 0 errors, 0 left on base; Danville 2 - San Diego (Rk+) 0
BOTTOM OF THE 4TH
San Diego (Rk+) Padres batting - Pitching for Danville Braves : RHP J.R. Hinton
Batting: LHB Ryan Robertson 0-0: Fly out, F8 (Flyball, 8RD, EV 86.9 MPH)
Batting: SHB Gil Berrios 0-0: Called Strike
0-1: Ball
1-1: Ball
2-1: Ball
3-1: Called Strike
3-2: Base on Balls
Batting: RHB Travis Garrison 0-0: Swinging Strike
0-1: Ball
1-1: Called Strike
1-2: Ball
2-2: Strikes out looking
Batting: LHB Matt Guevara 0-0: Ball
1-0: Foul Ball, location: 3F
1-1: Ball
2-1: Foul Ball, location: 25F
2-2: Ball
3-2: Foul Ball, location: 2F
3-2: Foul Ball, location: 25FF
3-2: Fly out, F4 (Popup, 3D, EV 70.0 MPH)
Bottom of the 4th over - 0 runs, 0 hits, 0 errors, 1 left on base; Danville 2 - San Diego (Rk+) 0
TOP OF THE 5TH
Danville Braves batting - Pitching for San Diego (Rk+) Padres : LHP Jorge Zabala
Batting: RHB Chris Bjork 0-0: Ball
1-0: Ball
2-0: Ball
3-0: Called Strike
3-1: Base on Balls
Batting: RHB Jamie Carney 0-0: Hit by Pitch
Chris Bjork to second
Pinch Runner at 1st Tomas Melgar:
Batting: RHB Armando Hernandez 0-0: Called Strike
0-1: Fly out, F8 (Flyball, 8RXD, EV 88.1 MPH)
Runner from 2nd tags up, SAFE at 3rd, no throw by CF
Batting: RHB Alan Combs 0-0: Ball
1-0: Foul Ball, location: 25F
1-1: Fly out, F8 (Flyball, 8LD, EV 91.9 MPH)
Runner from 3rd tags up, OUT at HOME! 8-2
Top of the 5th over - 0 runs, 0 hits, 0 errors, 1 left on base; Danville 2 - San Diego (Rk+) 0
BOTTOM OF THE 5TH
San Diego (Rk+) Padres batting - Pitching for Danville Braves : RHP J.R. Hinton
Now in CF: Tony Nunez
Batting: LHB Hector Lopez 0-0: Foul Ball, location: 7LMF
0-1: Swinging Strike
0-2: Ball
1-2: Ball
2-2: Ball
3-2: Strikes out swinging
Batting: RHB Nick Ramos 0-0: DOUBLE (Line Drive, 5D, EV 100.6 MPH)
Batting: RHB Lapaela Naniahiahi 0-0: Ball
1-0: Ball
2-0: Ball
3-0: Base on Balls
Batting: RHB Jim Unknown 0-0: Ball
1-0: Called Strike
1-1: Foul Ball, location: 5DF
1-2: Ball
2-2: Strikes out swinging
Batting: RHB Tony Calvillo 0-0: Ball
1-0: Called Strike
1-1: Fielders Choice at 2nd, 6-4 (Groundball, 6, EV 98.1 MPH)
Bottom of the 5th over - 0 runs, 1 hit, 0 errors, 2 left on base; Danville 2 - San Diego (Rk+) 0
TOP OF THE 6TH
Danville Braves batting - Pitching for San Diego (Rk+) Padres : LHP Jorge Zabala
Batting: RHB Victor Tamez 0-0: Foul Ball, location: 2F
0-1: Ball
1-1: Ball
2-1: Swinging Strike
2-2: Fly out, F8 (Flyball, 8RM, EV 93.1 MPH)
Batting: RHB Omar Medina 0-0: Swinging Strike
0-1: Called Strike
0-2: Strikes out swinging
Batting: SHB Vincent Santos 0-0: Ball
1-0: Ball
2-0: Called Strike
2-1: Foul Ball, location: 23F
2-2: Ball
3-2: Foul Ball, location: 23F
3-2: Base on Balls
Batting: RHB Cruz Rubio 0-0: Called Strike
0-1: Ball
1-1: Ball
2-1: Swinging Strike
2-2: Foul Ball, location: 2F
2-2: Strikes out swinging, 2-3 out at first.
Top of the 6th over - 0 runs, 0 hits, 0 errors, 1 left on base; Danville 2 - San Diego (Rk+) 0
BOTTOM OF THE 6TH
San Diego (Rk+) Padres batting - Pitching for Danville Braves : RHP J.R. Hinton
Batting: LHB Ryan Robertson 0-0: Ball
1-0: Ball
2-0: DOUBLE (Flyball, 8LXD, EV 110.6 MPH)
Batting: SHB Gil Berrios 0-0: Called Strike
Ryan Robertson is caught stealing 3rd base 2-5
0-1: Ground out U3 (Groundball, 23, EV 88.1 MPH)
Batting: RHB Travis Garrison 0-0: Ball
1-0: Ball
2-0: Ball
3-0: Base on Balls
Batting: LHB Matt Guevara 0-0: Called Strike
0-1: Called Strike
Travis Garrison steals 2nd base
0-2: Strikes out swinging
Bottom of the 6th over - 0 runs, 1 hit, 0 errors, 1 left on base; Danville 2 - San Diego (Rk+) 0
TOP OF THE 7TH
Danville Braves batting - Pitching for San Diego (Rk+) Padres : LHP Jorge Zabala
Pitching: LHP Jorge Moralez
Batting: RHB Brian Karwan 0-0: Foul Ball, location: 25F
0-1: Swinging Strike
0-2: Ball
1-2: Ball
2-2: Strikes out swinging
Batting: RHB Chris Bjork 0-0: Ball
1-0: Called Strike
1-1: Ball
2-1: Foul Ball, location: 3SF
2-2: Strikes out swinging
Batting: LHB Tony Nunez 0-0: Called Strike
0-1: Foul Ball, location: 5FF
0-2: SINGLE (Line Drive, 3D, EV 96.9 MPH)
Batting: RHB Armando Hernandez 0-0: Called Strike
0-1: Ball
1-1: Ball
2-1: Swinging Strike
2-2: Ball
3-2: Foul Ball, location: 9LMF
3-2: Strikes out swinging
Top of the 7th over - 0 runs, 1 hit, 0 errors, 1 left on base; Danville 2 - San Diego (Rk+) 0
BOTTOM OF THE 7TH
San Diego (Rk+) Padres batting - Pitching for Danville Braves : RHP J.R. Hinton
Batting: LHB Hector Lopez 0-0: Swinging Strike
0-1: Ball
1-1: Called Strike
1-2: Foul Ball, location: 2F
1-2: Strikes out looking
Batting: RHB Nick Ramos 0-0: Called Strike
0-1: DOUBLE (Flyball, 78D, EV 87.5 MPH)
Batting: RHB Lapaela Naniahiahi 0-0: Ball
1-0: Ball
2-0: Ball
3-0: Base on Balls
Pitching: RHP Marcos Perez
Batting: RHB Bill Sims 0-0: Called Strike
0-1: SINGLE (Groundball, 4, EV 88.1 MPH)
Nick Ramos to third
Lapaela Naniahiahi to second
Batting: RHB Tony Calvillo 0-0: Ball
1-0: Ball
2-0: Ball
3-0: Called Strike
3-1: Foul Ball, location: 5FF
3-2: Foul Ball, location: 3SF
3-2: Foul Ball, location: 3SF
3-2: SINGLE (Groundball, 4M, EV 101.3 MPH)
Nick Ramos scores
Lapaela Naniahiahi to third
Bill Sims to second
Batting: LHB Ryan Robertson 0-0: Ball
1-0: Foul Ball, location: 3F
1-1: Called Strike
1-2: Ball
2-2: Ball
3-2: Base on Balls
Lapaela Naniahiahi scores
Bill Sims to third
Tony Calvillo to second
Batting: SHB Gil Berrios 0-0: Ball
1-0: Called Strike
1-1: Ball
2-1: SINGLE (Line Drive, 78S, EV 104.4 MPH)
Bill Sims scores
Tony Calvillo to third
Ryan Robertson to second
Batting: RHB Travis Garrison 0-0: Fly out, F3 (Popup, 3SF, EV 65.6 MPH)
Pitching: LHP Alejandro Santa Cruz
Batting: LHB Matt Guevara 0-0: Called Strike
0-1: Foul Ball, location: 7LSF
0-2: Strikes out swinging
Bottom of the 7th over - 3 runs, 4 hits, 0 errors, 3 left on base; Danville 2 - San Diego (Rk+) 3
TOP OF THE 8TH
Danville Braves batting - Pitching for San Diego (Rk+) Padres : LHP Jorge Moralez
Pinch Hitting: RHB Chris Moon 0-0: Ball
1-0: Called Strike
1-1: Ball
2-1: Foul Ball, location: 2F
2-2: Ball
3-2: Strikes out swinging
Batting: RHB Victor Tamez 0-0: Fly out, F8 (Flyball, 8LM, EV 88.1 MPH)
Batting: RHB Omar Medina 0-0: Foul Ball, location: 9LMF
0-1: Fly out, F7 (Flyball, 78M, EV 85.6 MPH)
Top of the 8th over - 0 runs, 0 hits, 0 errors, 0 left on base; Danville 2 - San Diego (Rk+) 3
BOTTOM OF THE 8TH
San Diego (Rk+) Padres batting - Pitching for Danville Braves : LHP Alejandro Santa Cruz
Now in LF: Ryan Skelly
Batting: LHB Hector Lopez 0-0: Foul Ball, location: 7LMF
0-1: Ball
1-1: Called Strike
1-2: Ball
2-2: Foul Ball, location: 3FF
2-2: Foul Ball, location: 7LSF
2-2: Foul Ball, location: 7LMF
2-2: Strikes out looking
Pitching: LHP Andres Serna
Batting: RHB Nick Ramos 0-0: Ball
1-0: Ball
2-0: Ground out 6-3 (Groundball, 6D, EV 100.0 MPH)
Batting: RHB Lapaela Naniahiahi 0-0: Foul Ball, location: 5F
0-1: Ball
1-1: Ball
2-1: Ball
3-1: Called Strike
3-2: Base on Balls
Batting: RHB Bill Sims 0-0: Ball
1-0: Foul Ball, location: 3FF
1-1: Ball
2-1: Fly out, F9 (Line Drive, 89M, EV 101.9 MPH)
Bottom of the 8th over - 0 runs, 0 hits, 0 errors, 1 left on base; Danville 2 - San Diego (Rk+) 3
TOP OF THE 9TH
Danville Braves batting - Pitching for San Diego (Rk+) Padres : LHP Jorge Moralez
Pitching: RHP Juan Ortega
Batting: SHB Vincent Santos 0-0: Foul Ball, location: 9LMF
0-1: Foul Ball, location: 2F
0-2: Foul Ball, location: 5FF
0-2: Foul Ball, location: 2F
0-2: Ball
1-2: Ball
2-2: Foul Ball, location: 7LSF
2-2: Foul Ball, location: 2LF
2-2: Foul Ball, location: 23FF
2-2: Foul Ball, location: 25FF
2-2: Ball
3-2: Foul Ball, location: 7LDF
3-2: SINGLE (Groundball, 4, EV 85.0 MPH)
Batting: RHB Cruz Rubio 0-0: Called Strike
0-1: Ball
1-1: Called Strike
1-2: Ball
2-2: Ball
3-2: Base on Balls
Vincent Santos to second
Batting: RHB Brian Karwan 0-0: Foul Ball, location: 9LMF
0-1: Foul Ball, location: 9LSF
0-2: Fly out, F9 (Flyball, 89S, EV 74.4 MPH)
Pinch Hitting: RHB Chris Barteck 0-0: Foul Ball, location: 7LSF
0-1: Fly out, F8 (Flyball, 8LD, EV 88.1 MPH)
Runner from 2nd tags up, SAFE at 3rd with throw by CF
Pinch Hitting: RHB Jose de Leon 0-0: Ball
1-0: Fielders Choice at 2nd, 5-4 (Groundball, 5, EV 84.4 MPH)
Top of the 9th over - 0 runs, 1 hit, 0 errors, 2 left on base; Danville 2 - San Diego (Rk+) 3
Thursday, May 16th , 2024 - OOTP Baseball 24.11 Build 85